 Dungeon Crawl Stone Soup version 0.27.0-1-g7a089689b8 (webtiles) character file.

Game seed: 13286923328231581360

77574 octoduck the Brawler (level 15, 0/100 HPs)
             Began as a Gargoyle Monk on Aug 4, 2021.
             Was an Initiate of Gozag.
             Shot with a stone by a faun (17 damage)
             ... on level 2 of the Shoals on Aug 12, 2021.
             The game lasted 01:47:04 (34624 turns).

octoduck the Brawler (Gargoyle Monk)               Turns: 34624, Time: 01:47:05

Health: 0/100      AC: 16    Str: 26    XL:     15   Next: 57%
Magic:  15/15      EV: 21    Int: 11    God:    Gozag
Gold:   4289       SH:  0    Dex: 21    Spells: 12/14 levels left

rFire    . . .     SeeInvis .     - Unarmed
rCold    . . .     Faith    .   (no shield)
rNeg     + + .     Spirit   .   F - +0 leather armour of Tudehygu {rElec rN+ Str+2}
rPois    ∞         Reflect  .   M - +0 helmet
rElec    +         Harm     .   (no cloak)
rCorr    .         Rampage  .   e - +0 pair of gloves
Will     .....                  (no boots)
Stlth    +.........             W - amulet of regeneration
HPRegen  1.26/turn              g - +6 ring of dexterity
MPRegen  0.14/turn              A - +6 ring of strength

@: lit by a corona, weak-willed, flying, glowing
A: sickness immunity, AC +11, big wings, negative energy resistance 1,
electricity resistance, torment resistance 1, petrification resistance
a: Renounce Religion, Potion Petition, Call Merchant, Bribe Branch


You were on level 2 of the Shoals.
You worshipped Gozag.
Gozag was most pleased with you.
You visited 3 branches of the dungeon, and saw 22 of its levels.
You visited 1 bazaar.
You also visited: Bailey.

You collected 6366 gold pieces.
You spent 1597 gold pieces at shops.
You paid 480 gold pieces to Gozag.

Inventory:

Hand Weapons
 C - the +9 hunting sling of Equilibrium {flame, rPois Will++ Str-2 Dex+2}
   (You acquired it in a bazaar)

   Any ammunition fired from it burns those it strikes, dealing additional fire
   damage.
   Str:       It affects your strength (-2).
   Dex:       It affects your dexterity (+2).
   rPois:     It protects you from poison.
   Will:      It greatly increases your willpower.
Missiles
 b - 4 javelins
 k - 29 boomerangs
 s - 81 stones
 w - 2 throwing nets (quivered)
Armour
 e - a +0 pair of gloves (worn)
 D - a +1 leather armour of fire resistance
 F - the +0 leather armour of Tudehygu (worn) {rElec rN+ Str+2}
   (You found it on level 1 of the Shoals)

   Str:       It affects your strength (+2).
   rElec:     It insulates you from electricity.
   rN:        It protects you from negative energy.
 M - a +0 helmet (worn)
Jewellery
 g - a +6 ring of dexterity (left hand)
 t - a ring of magical power
 x - a +6 ring of intelligence
 y - a ring of protection from cold
 A - a +6 ring of strength (right hand)
 R - a ring of see invisible
 W - an amulet of regeneration (around neck)
 Y - a ring of willpower
Wands
 q - a wand of paralysis (8)
 r - a wand of digging (26)
 B - a wand of iceblast (12)
 K - a wand of polymorph (3)
 Q - a wand of charming (9)
 T - a wand of acid (16)
 Z - a wand of mindburst (20)
Scrolls
 a - a scroll of silence
 j - 3 scrolls of teleportation
 v - 3 scrolls of fog
 G - a scroll of fear
 I - 5 scrolls of identify
 L - a scroll of amnesia
 N - 2 scrolls of blinking
 S - a scroll of enchant armour
 U - a scroll of magic mapping
 X - 2 scrolls of enchant weapon
Potions
 c - 2 potions of lignification
 d - a potion of invisibility
 f - a potion of brilliance {unknown}
 h - 5 potions of attraction
 i - a potion of cancellation
 l - 4 potions of resistance
 m - 4 potions of magic
 n - 2 potions of ambrosia
 p - a potion of might
 u - 12 potions of degeneration
 z - a potion of mutation
 E - 6 potions of curing
 P - a potion of haste
Miscellaneous
 o - a phantom mirror
 J - a lightning rod (4/4)
 O - a phial of floods
 V - a piece from Xom's chessboard (15/15)


   Skills:
 + Level 13.7 Fighting
 - Level 12.4 Dodging
 - Level 2.1 Stealth
 - Level 15.7 Unarmed Combat
 * Level 8.9 Transmutations
 - Level 3.7 Ice Magic


You had 12 spell levels left.
You knew the following spells:

 Your Spells              Type           Power      Damage    Failure   Level
a - Wereblood             Tmut           19%        N/A       1%          2

Your spell library contained the following spells:

 Spells                   Type           Power      Damage    Failure   Level
 Freeze                   Ice            32%        1d5       9%          1
 Frozen Ramparts          Ice            16%        1d3       26%         3
 Foxfire                  Conj/Fire      0%         2x1d4     38%         1
 Magic Dart               Conj           0%         1d3       38%         1
 Pain                     Necr           0%         1d4       38%         1
 Shock                    Conj/Air       0%         1d3       38%         1
 Searing Ray              Conj           0%         3d3       52%         2
 Slow                     Hex            0%         N/A       52%         2
 Confusing Touch          Hex            0%         N/A       77%         3
 Conjure Flame            Conj/Fire      0%         6-21      77%         3
 Gell's Gravitas          Tloc           0%         N/A       77%         3
 Inner Flame              Hex/Fire       0%         N/A       77%         3
 Lesser Beckoning         Tloc           0%         N/A       77%         3
 Swiftness                Air            0%         N/A       77%         3
 Teleport Other           Tloc           0%         N/A       77%         3
 Vampiric Draining        Necr           0%         2d6       77%         3
 Hailstorm                Conj/Ice       4%         3d4       88%         4
 Summon Ice Beast         Ice/Summ       4%         N/A       88%         4
 Yara's Violent Unravell  Hex/Tmut       4%         3d4       88%         5
 Airstrike                Air            0%         N/A       99%         4
 Fulminant Prism          Conj/Hex       0%         3d6       99%         4
 Summon Lightning Spire   Summ/Air       0%         N/A       99%         4
 Agony                    Necr           0%         N/A       100%        5
 Excruciating Wounds      Necr           0%         N/A       100%        5
 Iskenderun's Battlesphe  Conj           0%         2d6       100%        5
 Summon Mana Viper        Hex/Summ       0%         N/A       100%        5
 Iron Shot                Conj/Erth      0%         9d1       100%        6
 Monstrous Menagerie      Summ           0%         N/A       100%        7
 Spellforged Servitor     Conj/Summ      0%         N/A       100%        7
 Storm Form               Tmut/Air       4%         N/A       100%        7
 Summon Hydra             Summ           0%         N/A       100%        7
 Maxwell's Capacitive Co  Air            0%         ∞         100%        8
 Sublimation of Blood     Necr           Unusable   N/A       N/A         2

Dungeon Overview and Level Annotations

Branches:
Dungeon (14/15)            Temple (0/1) D:6            Lair (6/6) D:10
 Shoals (2/4) Lair:2        Snake (0/4) Lair:2        Slime (0/5) Lair:6
    Orc (0/2) D:11         Vaults (0/5) D:13         Bailey (visited)

Altars:
Cheibriados
Elyvilon
Gozag
Hepliaklqana
Okawaru
Ru
Sif Muna
Trog
Uskayaw
Vehumet
Wu Jian
Yredelemnul
Zin

Shops:
D:2 (!   D:5 *   D:8 (   D:14 (   Shoals:1 *

Annotations:
D:10 Gastronok
D:14 1 exclusion
Lair:6 1 runed translucent door


Innate Abilities, Weirdness & Mutations

You are immune to sickness and miasma.
Your stone body is resilient. (AC +11)
You are immune to poison.
Your large and strong wings let you fly.
You resist negative energy. (rN+)
You are resistant to electric shocks. (rElec)
You are resistant to unholy torment.
You are immune to petrification.


Message History

The snapping turtle bites you but does no damage.
The snapping turtle misses you.
You hit the snapping turtle but do no damage.
The faun gestures at you while chanting.
You are outlined in light.
The snapping turtle barely misses you.
You punch the snapping turtle!
The snapping turtle is lightly wounded.
The snapping turtle bites you but does no damage.
You punch the snapping turtle!
The snapping turtle is heavily wounded.
The faun shoots a stone.
The stone hits you but does no damage.
The faun shoots a stone.
The stone hits you but does no damage.
You hit the snapping turtle.
The snapping turtle is heavily wounded.
The snapping turtle bites you!
The faun shoots a stone.
The stone hits you!
The faun shoots a stone.
The stone hits you!
The faun shoots a stone.
The stone hits you!
You barely miss the snapping turtle.
You punch the snapping turtle, but do no damage.
The snapping turtle is heavily wounded.
The faun shoots a stone.
The stone completely misses you. The snapping turtle bites you!
The faun shoots a stone.
The stone hits you but does no damage.
The faun shoots a stone.
The stone hits you!
* * * LOW HITPOINT WARNING * * *
The faun shoots a stone.
The stone hits you!
* * * LOW HITPOINT WARNING * * *
The snapping turtle closely misses you.
The faun shoots a stone.
The stone completely misses you.
The faun shoots a stone.
The stone barely misses you.
The faun shoots a stone.
The stone hits you but does no damage.
The faun shoots a stone.
The stone closely misses you.
The faun shoots a stone.
The stone hits you but does no damage.
There is a stone staircase leading up here.
The faun shoots a stone.
The stone hits you but does no damage.
The faun shoots a stone.
The stone misses you.
The snapping turtle completely misses you.
The faun shoots a stone.
The stone hits you!
You die...
Your body crumbles into a pile of gold.

...(## .##..≈≈≈≈
...?..# .......≈.
..≈.... #...≈≈≈≈≈
..≈...$###...c≈≈≈≈
...≈...$...c...≈≈≈
......$...c..≈c.≈≈
.≈...###$....≈≈≈≈≈
.... ###......≈≈
≈≈...#####@.....≈≈
...........≈.≈≈≈
...≈≈.[t..≈≈≈≈≈≈
...≈≈≈....≈≈≈≈≈≈
.....≈....≈≈≈≈≈≈
..###......≈≈≈≈≈ .
#..≈≈≈.≈≈≈≈≈
#..≈≈≈≈≈≈≈≈≈
...≈≈≈≈≈≈≈≈≈


You could see a snapping turtle and 4 fauns.

Vanquished Creatures
  Aizul (Shoals:1)
  An ironbound preserver (D:13)
  A merfolk javelineer (Shoals:2)
  A rakshasa (D:13)
  3 boulder beetles
  6 hydras
  A merfolk avatar (Shoals:1)
  3 centaur warriors
  A tengu warrior (D:13)
  5 two-headed ogres
  A death knight (D:13)
  Urug (D:11)
  2 fire crabs (Lair:6)
  3 sea snakes (Shoals:1)
  12 harpies
  2 deep elf pyromancers
  An oklob plant (D:10)
  An ugly thing (D:11)
  3 cyclopes
  A faun (Shoals:1)
  10 elephants
  7 manticores
  3 merfolk sirens
  2 black mambas
  4 molten gargoyles
  2 gargoyles
  6 cane toads
  13 komodo dragons
  2 unseen horrors
  A rime drake (Lair:1)
  2 kobold demonologists (D:14)
  2 efreet (D:13)
  A tengu conjurer (D:13)
  4 trolls
  11 merfolk
  A hornet (Lair:3)
  16 slime creatures
  A wind drake (Shoals:1)
  16 blink frogs
  18 dream sheep
  3 shadows
  9 wyverns
  50 yaks
  2 vampires
  3 wraiths
  5 basilisks
  An acid dragon (D:13)
  2 wargs (D:11)
  3 nagas (Lair:2)
  4 hell hounds (Lair:6)
  13 water moccasins
  4 orc warriors
  An ice beast (D:7)
  2 necrophages
  3 black bears
  2 ogres
  4 sky beasts
  14 wolves
  7 centaurs
  A phantom (D:7)
  4 kobold brigands
  A wyvern zombie (D:7)
  9 bullfrogs
  A scorpion (D:5)
  A wyvern skeleton (D:7)
  6 killer bees (D:10)
  7 wights
  2 howler monkeys
  An electric eel (D:7)
  10 lava snakes
  9 centaur zombies
  4 hounds
  A gnoll shaman (D:4)
  2 bullfrog skeletons
  7 orc priests
  2 centaur skeletons
  2 iguanas (D:6)
  Ijyb (D:4)
  11 orc wizards
  2 howler monkey zombies
  Robin (D:2)
  A howler monkey skeleton (D:5)
  7 adders
  8 gnolls
  2 ufetubi
  2 worms (D:3)
  5 dart slugs
  46 orcs
  7 endoplasms
  2 giant cockroaches (D:1)
  21 goblins
  14 hobgoblins
  14 jackals
  2 quokkas
  8 ball pythons
  7 bats
  2 frilled lizards
  14 kobolds
  2 rats (D:2)
553 creatures vanquished.

Vanquished Creatures (others)
  A tengu conjurer (D:14)
  33 fungi
  90 plants
124 creatures vanquished.

Grand Total: 677 creatures vanquished

Notes
Turn   | Place    | Note
-------+----------+-------------------------------------------
     0 | D:1      | octoduck the Gargoyle Monk began the quest for the Orb.
     0 | D:1      | Reached XP level 1. HP: 14/14 MP: 1/1
   377 | D:1      | Found a faded altar of an unknown god.
   513 | D:1      | Reached XP level 2. HP: 15/19 MP: 2/2
  1040 | D:1      | Reached skill level 4 in Unarmed Combat
  1309 | D:1      | Reached XP level 3. HP: 23/23 MP: 3/3
  1491 | D:2      | Found an iron altar of Okawaru.
  1574 | D:2      | Found Ziwaor's Distillery.
  1594 | D:2      | Bought a potion of lignification for 39 gold pieces
  1878 | D:2      | Found Tatius's Weapon Emporium.
  2003 | D:2      | Reached XP level 4. HP: 24/28 MP: 4/4
  2095 | D:2      | Noticed Robin
  2127 | D:2      | Reached skill level 5 in Unarmed Combat
  2491 | D:2      | Killed Robin
  2897 | D:2      | Reached XP level 5. HP: 32/32 MP: 5/5
  3681 | D:3      | Reached skill level 6 in Unarmed Combat
  4684 | D:3      | Noticed an ogre
  4875 | D:3      | Reached XP level 6. HP: 37/37 MP: 6/6
  5176 | D:4      | Noticed a necrophage
  5298 | D:4      | Found a radiant altar of Vehumet.
  5776 | D:4      | Found a hide-covered altar of Uskayaw.
  5821 | D:3      | Killed a necrophage
  5822 | D:3      | Reached skill level 7 in Unarmed Combat
  5947 | D:4      | Noticed a necrophage
  5972 | D:4      | Killed a necrophage
  5973 | D:4      | Reached XP level 7. HP: 39/41 MP: 7/7
  6240 | D:4      | Reached skill level 8 in Unarmed Combat
  6274 | D:4      | Found an opulent altar of Gozag.
  6300 | D:4      | Became a worshipper of Gozag Ym Sagoz the Greedy
  6597 | D:5      | Entered Level 5 of the Dungeon
  6606 | D:5      | Noticed Ijyb
  6609 | D:5      | Found Jytogobb's General Store.
  6659 | D:4      | Paralysed by Ijyb for 3 turns
  6669 | D:4      | Killed Ijyb
  6858 | D:5      | Bought a scroll of teleportation for 42 gold pieces
  6957 | D:5      | Reached skill level 9 in Unarmed Combat
  6984 | D:5      | Reached XP level 8. HP: 34/46 MP: 8/8
  7156 | D:5      | Noticed a two-headed ogre
  7322 | D:5      | Found a sacrificial altar of Ru.
  7792 | D:6      | Reached skill level 10 in Unarmed Combat
  8205 | D:6      | Found a white marble altar of Elyvilon.
  8384 | D:6      | Found a staircase to the Ecumenical Temple.
  8666 | D:6      | Found a glowing silver altar of Zin.
  8727 | D:6      | Found a hazy altar of Hepliaklqana.
  8910 | D:7      | Reached skill level 11 in Unarmed Combat
  9041 | D:7      | Reached XP level 9. HP: 26/51 MP: 9/9
  9889 | D:7      | Reached skill level 12 in Unarmed Combat
 10341 | D:7      | Found an ornate altar of the Wu Jian Council.
 10514 | D:7      | Found a shimmering blue altar of Sif Muna.
 11673 | D:7      | Reached skill level 13 in Unarmed Combat
 12330 | D:8      | Found a snail-covered altar of Cheibriados.
 12417 | D:8      | Found Suqaz's Hydra Hut.
 12420 | D:8      | Noticed a seven-headed hydra
 12493 | D:9      | Found a basalt altar of Yredelemnul.
 12673 | D:9      | Reached XP level 10. HP: 55/56 MP: 10/10
 13011 | D:9      | Found a bloodstained altar of Trog.
 13197 | D:10     | Entered Level 10 of the Dungeon
 13227 | D:10     | Noticed an oklob plant
 13272 | D:10     | Reached skill level 14 in Unarmed Combat
 13319 | D:10     | Noticed Gastronok
 13397 | D:10     | Found a flagged portal.
 13468 | Bailey   | Entered a bailey
 13468 | Bailey   | Noticed an orc knight
 13512 | Bailey   | Noticed an orc knight
 13814 | D:10     | Noticed a two-headed ogre
 13837 | D:10     | Killed a two-headed ogre
 14193 | D:10     | You fall into a shaft and drop 2 floors!
 14194 | D:12     | Noticed a cyclops
 14273 | D:10     | Found a staircase to the Lair.
 14904 | D:11     | Noticed a cyan ugly thing
 15026 | D:10     | Reached skill level 15 in Unarmed Combat
 15026 | D:10     | Reached XP level 11. HP: 49/60 MP: 11/11
 15076 | D:10     | Reached skill level 5 in Dodging
 15297 | D:11     | Found a flickering gateway to a bazaar.
 15309 | D:11     | Found a staircase to the Orcish Mines.
 15338 | Bazaar   | Entered a bazaar
 15478 | Bazaar   | Found Lear's Book Boutique.
 15478 | Bazaar   | Found Yppic's Assorted Antiques.
 15516 | Bazaar   | Found Zoalare's General Store.
 15516 | Bazaar   | Found Jooc's Distillery.
 15530 | Bazaar   | Bought a potion of lignification for 24 gold pieces
 15530 | Bazaar   | Bought a potion of heal wounds for 40 gold pieces
 15548 | Bazaar   | Bought a phantom mirror for 640 gold pieces
 15548 | Bazaar   | Bought a scroll of identify for 32 gold pieces
 15549 | Bazaar   | Identified a scroll of acquirement
 15549 | Bazaar   | Acquired 1110 gold pieces
 15569 | Bazaar   | Bought a scroll of acquirement for 780 gold pieces
 15569 | Bazaar   | Acquired the +9 hunting sling of Equilibrium {flame, rPois
                  | Will++ Str-2 Dex+2}
 15747 | D:10     | Killed an oklob plant
 15816 | Lair:1   | Entered Level 1 of the Lair of Beasts
 17196 | Lair:2   | Found a staircase to the Snake Pit.
 18334 | Lair:2   | Found a staircase to the Shoals.
 18961 | Lair:2   | Reached XP level 12. HP: 62/67 MP: 12/12
 19360 | Lair:2   | Noticed a four-headed hydra
 19439 | Lair:2   | Reached skill level 5 in Fighting
 19778 | Lair:2   | Killed a four-headed hydra
 20138 | Lair:3   | Noticed a six-headed hydra
 20160 | Lair:2   | Killed a six-headed hydra
 21235 | Lair:3   | Reached skill level 10 in Dodging
 22680 | Lair:4   | Reached XP level 13. HP: 58/78 MP: 13/13
 23920 | Lair:4   | Reached skill level 1 in Ice Magic
 25688 | Lair:6   | Entered Level 6 of the Lair of Beasts
 25939 | Lair:6   | Reached skill level 10 in Fighting
 26904 | Lair:6   | Found a large runed translucent door.
 27311 | Lair:6   | Found a large runed translucent door.
 27328 | Lair:6   | Gained mutation: Your large and strong wings let you fly.
                  | [Gargoyle growth]
 27328 | Lair:6   | Reached XP level 14. HP: 85/88 MP: 14/14
 27635 | Lair:6   | Found a staircase to the Slime Pits.
 28157 | D:11     | Noticed Urug
 28937 | D:11     | Killed Urug
 28951 | D:11     | Learned a level 2 spell: Wereblood
 29255 | D:12     | Reached skill level 1 in Transmutations
 30651 | D:13     | Found a gate to the Vaults.
 30651 | D:13     | Noticed an ironbound preserver
 31106 | D:13     | Killed an ironbound preserver
 31107 | D:13     | Reached skill level 5 in Transmutations
 31830 | D:14     | Found Ypozux's Weapon Boutique.
 32071 | D:14     | Reached XP level 15. HP: 91/97 MP: 15/15
 32590 | Shoals:1 | Entered Level 1 of the Shoals
 32624 | Shoals:1 | Found Butenex's Assorted Antiques.
 33168 | Shoals:1 | Noticed Aizul
 33829 | Shoals:1 | Identified the +0 leather armour of Tudehygu {rElec rN+
                  | Str+2}
 33945 | Shoals:1 | Killed Aizul
 34624 | Shoals:2 | Shot with a stone by a faun

Illustrated notes

Levels and vault maps discovered:
D:1:      roderic_crossed_star, layout_loops_corners, basic_ecumenical_altar
D:2:      layout_loops_corners, basic_altar, serial_shops, nicolae_shop_crystal,
          shop_statue, uniq_robin
D:3:      layout_basic, chequers_decorated_corner,
          minmay_randomly_rotated_circles
D:4:      layout_basic, nicolae_uskayaw_dance_hall, grunt_gozag_statues,
          nicolae_vehumet_altar_sigil, st_stairs_2
D:5:      layout_rooms, nicolae_ru_the_path_less_chosen, serial_shops, shop,
          kennysheep_generic_room_14, uniq_ijyb
D:6:      layout_loops_ring, worldfamousw_hep_ancestral_shrine,
          mainiacjoe_overflow_six_doors_small,
          mainiacjoe_overflow_concentric_impassable, minmay_temple_entry_fiery
D:7:      layout_layer_cave, lemuel_round_altar, amcnicky_altar_gilded,
          minivault_4, serial_bayou_crossing
D:8:      layout_loops_ring, kennysheep_slug_shrine, doesnt_shop_hydraphobe
D:9:      layout_roguey, trog_ov_bears_minmay, nicolae_overflow_crystal_walls
D:10:     layout_long_grid, dpeg_oklobed_lair, enter_bailey_7,
          minmay_misc_feat_iff, uniq_gastronok
D:11:     layout_irregular_city, minmay_orc_entry_guard_dogs, serial_shops,
          bzr_entry_gold, chequers_serial_rivers_small_b, dk_noncrumbling_2,
          uniq_urug
D:12:     layout_loops_ring, serial_aquarium, aquarium_bridge_long_joined
          [aquarium_subvault_bridge, aquarium_subvault_window,
          aquarium_subvault_bridge, aquarium_subvault_bridge,
          aquarium_subvault_wall, aquarium_subvault_wall], aquarium_window_fake,
          aquarium_window_2, aquarium_view_2f, aquarium_pool_1
D:13:     layout_roguey, skrybe_vaults_entry_preservation
D:14:     evilmike_library_of_no_secrets, layout_basic, serial_shops,
          nicolae_shop_crystal, nrook_mini_backslash, minmay_fire_ice_demons
Lair:1:   layout_roguey
Lair:2:   layout_regular_city, elwin_shoals_entry_stream,
          guppyfry_snake_entry_island, gauntlet_entry_generic
Lair:3:   cheibrodos_magma_flow, layout_long_grid, st_stairs_4,
          grunt_megastairs_3, serial_bayou_shore_b
Lair:4:   layout_roguey, grunt_megastairs_1
Lair:5:   layout_long_grid, minivault_26, chequers_serial_rivers_micro_e
Lair:6:   cheibrodos_lair_end_hotspot, layout_misc_corridors,
          minmay_slime_entry_oklob_enclosed
Shoals:1: layout_shoals, serial_shops, shop, nicolae_shoals_so_close, uniq_aizul
Shoals:2: layout_shoals, lemuel_centaur_altar, uniq_polyphemus

Skill      XL: |  1  2  3  4  5  6  7  8  9 10 11 12 13 14 15 |
---------------+----------------------------------------------+-----
Unarmed Combat | 4 5 6 7 9 11 13 15 | 15.7
Dodging        | 4 8 10 12 | 12.4
Fighting       | 4 7 10 12 13 | 13.7
Ice Magic      | 3 |  3.7
Transmutations | 6 8 |  8.9
Stealth        | |  2.1

Action                   |  1- 3 |  4- 6 |  7- 9 | 10-12 | 13-15 || total
-------------------------+-------+-------+-------+-------+-------++-------
Melee: Unarmed           |   123 |   239 |   468 |   581 |  1125 ||  2536
       Punch             |       |     4 |    30 |    89 |   142 ||   265
Throw: Boomerang         |       |       |       |     2 |       ||     2
       Throwing net      |       |       |       |       |     1 ||     1
 Cast: Wereblood         |       |       |       |       |     2 ||     2
Invok: Potion Petition   |       |       |       |       |     1 ||     1
Evoke: Wand              |       |       |       |    24 |    22 ||    46
       Phantom mirror    |       |       |       |     1 |       ||     1
       Lightning rod     |       |       |       |     4 |       ||     4
  Use: Scroll            |     1 |     4 |     8 |    12 |     6 ||    31
       Potion            |       |       |       |     1 |     4 ||     5
 Stab: Sleeping          |     8 |     4 |     3 |     2 |     3 ||    20
       Distracted        |       |     1 |     2 |     2 |     6 ||    11
       Paralysed         |       |       |       |       |     1 ||     1
Armor: Robe              |    29 |    55 |       |       |       ||    84
       Leather armour    |       |    28 |   155 |   158 |   314 ||   655
       Skin              |       |       |       |       |    30 ||    30
Dodge: Dodged            |    73 |   127 |   213 |   325 |   978 ||  1716
